 Dungeon Crawl Stone Soup version 0.28.0 (webtiles) character file.

Game seed: 11470702046486568002

29 crazypyro the Digger (level 3, -2/19 HPs)
             Began as a Gargoyle Earth Elementalist on Feb 8, 2022.
             Slain by Terence (3 damage)
             ... on level 2 of the Dungeon.
             The game lasted 00:01:47 (1129 turns).

crazypyro the Digger (Gargoyle Earth Elementalist)  Turns: 1129, Time: 00:01:47

Health: -2/19      AC:  5    Str: 11    XL:     3   Next: 16%
Magic:  6/6        EV: 11    Int: 17    God:
Gold:   45         SH:  0    Dex: 10    Spells: 3/7 levels left

rFire   . . .      SeeInvis .   a - +2 dagger (speed)
rCold   . . .      Faith    .   (no shield)
rNeg    + . .      Spirit   .   b - +0 robe
rPois   ∞          Reflect  .   (no helmet)
rElec   +          Harm     .   (no cloak)
rCorr   .          Rampage  .   (no gloves)
Will    .....                   (no boots)
Stlth   ++........              (no amulet)
HPRegen 0.06/turn               (no ring)
MPRegen 0.10/turn               (no ring)

@: no status effects
A: sickness immunity, AC +3, negative energy resistance 1, electricity
resistance, torment resistance 1, petrification resistance
a: no special abilities


You were on level 2 of the Dungeon.
You visited 1 branch of the dungeon, and saw 2 of its levels.

You collected 45 gold pieces.

Inventory:

Hand Weapons
 a - a +2 dagger of speed (weapon)
Missiles
 c - 58 stones
Armour
 b - a +0 robe (worn)
Scrolls
 d - a scroll of teleportation {unknown}
 e - a scroll of acquirement {unknown}
 f - a scroll of blinking {unknown}
Potions
 g - a potion of curing {unknown}
 h - a potion of heal wounds {unknown}


   Skills:
 - Level 1.5 Dodging
 - Level 2.1 Stealth
 + Level 2.5 Spellcasting
 + Level 1.4 Transmutations
 + Level 4.2 Earth Magic


You had 3 spell levels left.
You knew the following spells:

 Your Spells              Type           Power      Damage    Failure   Level
a - Sandblast             Erth           32%        2d9       3%          1
b - Stone Arrow           Conj/Erth      18%        3d8       24%         3

Your spell library contained the following spells:

 Spells                   Type           Power      Damage    Failure   Level
 Passwall                 Tmut/Erth      9%         N/A       9%          2
 Slow                     Hex            8%         N/A       19%         1
 Confusing Touch          Hex            2%         N/A       50%         3
 Vampiric Draining        Necr           2%         2d6       50%         3
 Petrify                  Tmut/Erth      11%        N/A       50%         4


Dungeon Overview and Level Annotations

Branches:
Dungeon (2/15)

Altars:
Dithmenos

Annotations:
D:2 Terence


Innate Abilities, Weirdness & Mutations

You are immune to sickness and miasma.
Your stone body is resilient. (AC +3)
You are immune to poison.
You resist negative energy. (rN+)
You are resistant to electric shocks. (rElec)
You are resistant to unholy torment.
You are immune to petrification.


Message History

You see here a +0 short sword.
Done exploring.
Done exploring.
No target in view!
No target in view!
(D) Dungeon
Where to? (? - help)
You see here a +0 club.
There is a stone staircase leading down here.
You climb downwards.
Level annotation: Terence Terence hits you with a +2 hand axe of distortion.
Space warps around you.
Terence hits you with a +2 hand axe of distortion.
Space warps around you.
* * * LOW HITPOINT WARNING * * *
There is a stone staircase leading up here.
The giant cockroach bites you but does no damage.
The giant cockroach closely misses you.
You are too injured to fight recklessly!
You are too injured to fight recklessly!
Casting: Sandblast (safe; 3% risk of failure)
Confirm with . or Enter, or press ? or * to list all spells.
Aiming: Sandblast (safe; 3% risk of failure)
Press: ? - help, Shift-Dir - straight line, f - giant cockroach
Aim: a giant cockroach (79% to hit)
The blast of sand hits the giant cockroach!
You kill the giant cockroach!
An endoplasm comes into view.
There is a stone staircase leading up here.
The endoplasm quivers.
Terence hits you with a +2 hand axe of distortion.
* * * LOW HITPOINT WARNING * * *
You blink.
Unknown command.
Terence shouts, "Now you die!" The endoplasm hits you.
* * * LOW HITPOINT WARNING * * *
Terence hits you with a +2 hand axe of distortion.
You die...

#.....#........#.#
..#######.###.###.####.#.#
............#..........#
##..........#######
#.................#
.#...........#####.#
..........J....+...#
...#.....@.....#.#.#
##.#.#....@......#.# #
#.#.###.........# #.#.#
#.........# #. #.........#
+.........# #.........#
+.<.......#
#####.........#
...$........#.#


You could see Terence and an endoplasm.

Vanquished Creatures
  An adder (D:2)
  3 ball pythons (D:1)
  3 giant cockroaches
  2 goblins (D:1)
  2 hobgoblins
  4 kobolds (D:1)
  A quokka (D:1)
  A bat (D:1)
  2 rats (D:1)
19 creatures vanquished.

Notes
Turn   | Place    | Note
-------+----------+-------------------------------------------
     0 | D:1      | crazypyro the Gargoyle Earth Elementalist began the quest
                  | for the Orb.
     0 | D:1      | Reached XP level 1. HP: 10/10 MP: 3/3
   145 | D:1      | You fall into a shaft and drop 1 floor!
   153 | D:2      | Found a shadowy altar of Dithmenos.
   167 | D:2      | Reached skill level 1 in Transmutations
   167 | D:2      | Reached XP level 2. HP: 13/15 MP: 0/5
   251 | D:2      | Reached skill level 4 in Earth Magic
   500 | D:2      | Noticed Terence
   688 | D:1      | Reached XP level 3. HP: 19/19 MP: 2/6
   692 | D:1      | Learned a level 3 spell: Stone Arrow
  1129 | D:2      | Slain by Terence

Illustrated notes

Levels and vault maps discovered:
D:1:      erik_arrival_blinker_ship, layout_basic
D:2:      layout_basic, basic_altar, patterned_corridor, uniq_natasha,
          uniq_terence

Skill      XL: |  1  2 |
---------------+-------+-----
Transmutations | 1 |  1.4
Earth Magic    | 4 |  4.2
Dodging        | |  1.5
Stealth        | |  2.1
Spellcasting   | |  2.5

Action                   || total
-------------------------++-------
Melee: Dagger            ||    27
 Cast: Sandblast         ||    26
Armor: Robe              ||    12
Dodge: Dodged            ||    16
